cohdb
Replays
Latest Replays
All Replays
Popular Replays
Top Player Replays
Match Explorer
How It Works
Community
CoH3 Stats
Reddit
Sign in to upload your games and track your stats! →
Sign in with Steam
vs 짱개(Brit_103)
Match 19320870
Overview
Messages
Build Orders
End
Pioneer Squad
Selects Italian Coastal Battlegroup
Selects Coastal Reserves
Coastal Reserve
Coastal Reserve
Construct Infanterie Kompanie
MG 42 Machine Gun Team
Construct Luftwaffe Kompanie
Medical Bunker
221 Scout Car
Support Elements
Selects Designate Defensive Line
Designate Defensive Line
Jäger Squad
Selects Artillery Officer
Artillery Officer
Wirbelwind Flakpanzer
Wirbelwind Flakpanzer
Designate Defensive Line
Jäger Squad
Construct Panzergrenadier Kompanie
Nebelwerfer 42 Rocket Launcher Team
Marder III M Tank Destroyer
SuperNoob
够得到的钟摆
0
0
Comments
sign in to comment!
No comments posted yet!